Map: 环轨星港

Players

TIME (Oliveira) - Winner!

  • Race: Terran Terran
  • League: Master

iGJim

  • Race: Protoss Protoss
  • League: Master

Event: GPL 2015 - Grand Finals

VOD

Have the link to the VOD?

Description

Time

  • Played on: Jan. 16, 2016, 7:51 a.m.
  • Length: 9:23

All games in this series

Show
View Real Time Build Order
Export as new Build Order

TIME Terran - Winner!

Build Orders: Cyclone Opening, MMM Bio 

Get SALT Encoding   

  12  0:00  SCV  
  13  0:12  SCV  
  14  0:18  Supply Depot  
  14  0:25  SCV  
  15  0:40  SCV  
  15  0:42  Barracks  
  16  0:47  Refinery  
  16  0:53  SCV  
  17  1:00  Refinery  
  17  1:05  SCV  
  18  1:17  SCV  
  19  1:29  Reaper  
  19  1:30  Orbital Command  
  20  1:41  Supply Depot  
  20  1:50  Factory  
  20  1:56  SCV  
  21  2:02  Reaper  
  21  2:08  SCV  
  22  2:20  SCV  
  23  2:33  SCV  
  23  2:34  Reaper  
  23  2:35  Factory Tech Lab  
  25  2:39  Supply Depot  
  25  2:42  Starport  
  25  2:45  SCV  
  26  2:57  SCV  
  26  2:58  Cyclone  
  30  3:09  SCV  
  30  3:11  Liberator  
  31  3:18  Command Center  
  31  3:21  SCV  
  32  3:33  SCV  
  36  3:34  Supply Depot  
  36  3:45  SCV  
  37  3:56  Cyclone  
  37  3:57  SCV  
  41  4:09  SCV  
  42  4:14  Command Center  
  42  4:21  Barracks, SCV  
  43  4:29  Cyclone  
  46  4:34  SCV, Liberator  
  48  4:44  SCV  
  48  4:46  Barracks x2  
  51  4:53  SCV  
  53  5:08  SCV  
  53  5:09  Orbital Command  
  53  5:10  Barracks Tech Lab  
  53  5:12  Engineering Bay  
  53  5:17  Refinery  
  53  5:20  SCV  
  54  5:32  SCV  
  52  5:45  SCV  
  52  5:49  Marine, Orbital Command, Stimpack  
  47  5:51  Barracks Reactor x2  
  47  5:52  Starport Reactor, Barracks, SCV  
  47  5:53  Barracks  
  46  5:57  SCV  
  46  5:58  Terran Infantry Weapons Level 1  
  46  6:04  SCV  
  46  6:07  Orbital Command  
  46  6:09  SCV  
  46  6:10  Marine, Factory Reactor  
  44  6:14  Missile Turret  
  44  6:15  Refinery  
  44  6:16  SCV, Missile Turret  
  45  6:21  SCV  
  46  6:28  Marine, SCV  
  46  6:29  Marine x2  
  46  6:30  Medivac x2  
  46  6:31  Marine x2  
  56  6:33  SCV, Missile Turret  
  56  6:35  SCV  
  57  6:40  SCV  
  57  6:41  Barracks Tech Lab x2  
  57  6:45  SCV  
  57  6:46  Widow Mine x2  
  62  6:47  Marine x3, SCV  
  62  6:51  Supply Depot  
  62  6:54  Marine  
  67  6:56  Marauder  
  67  6:58  SCV x2  
  67  6:59  SCV  
  72  7:03  Marauder x2  
  72  7:07  Marine  
  77  7:09  Combat Shields  
  77  7:12  Marine, Supply Depot, Medivac  
  77  7:15  Marine, SCV  
  82  7:16  Widow Mine  
  82  7:17  Supply Depot  
  82  7:22  Missile Turret  
  84  7:27  Marine  
  85  7:33  Widow Mine, Medivac  
  85  7:34  SCV x2, Marauder  
  93  7:38  Marine x3  
  93  7:39  Marauder x2  
  93  7:44  Supply Depot x2  
  100  7:46  SCV  
  100  7:48  SCV  
  100  7:51  Widow Mine  
  100  7:52  Medivac  
  100  7:55  Marine  
  100  7:57  Marine, SCV  
  100  7:58  Marauder  
  109  8:02  SCV x2  
  109  8:03  Marine  
  109  8:04  Marine, Marauder  
  106  8:09  Widow Mine, SCV, Marauder  
  106  8:10  Medivac  
  105  8:14  SCV  
  105  8:19  Supply Depot  
  106  8:21  SCV  
  105  8:28  Marine x3, Marauder x2  
  112  8:34  Missile Turret  
  112  8:35  Missile Turret  
  112  8:36  Widow Mine, Marauder, Medivac, Missile Turret  
  112  8:37  Marine  
  112  8:39  SCV  
  112  8:41  SCV  
  118  8:42  SCV  
  118  8:46  Marine x3  
  115  8:51  Marine x2  
  115  8:52  SCV  
  115  8:55  Marine, SCV x2  
  114  8:58  Marauder  
  117  9:04  Marine  
  117  9:05  SCV  
  117  9:07  SCV x2  
  110  9:22  Armory  
Show
View Real Time Build Order
Export as new Build Order

iGJim Protoss 

Build Orders: 1 Gate Expand, Phoenix Opening 

Get SALT Encoding   

  12  0:01  Probe (Chrono Boost)  
  13  0:11  Probe (Chrono Boost)  
  14  0:17  Pylon  
  14  0:22  Probe (Chrono Boost)  
  15  0:36  Gateway, Probe (Chrono Boost)  
  16  0:46  Probe (Chrono Boost)  
  16  0:47  Assimilator  
  18  0:57  Probe (Chrono Boost)  
  18  1:07  Probe (Chrono Boost)  
  19  1:18  Probe (Chrono Boost)  
  20  1:24  Nexus  
  20  1:30  Cybernetics Core  
  20  1:33  Probe (Chrono Boost)  
  21  1:40  Assimilator  
  21  1:44  Probe (Chrono Boost)  
  22  1:48  Pylon  
  22  1:54  Probe (Chrono Boost)  
  23  2:07  Mothership Core (Chrono Boost)  
  25  2:13  Adept  
  24  2:25  Probe (Chrono Boost)  
  24  2:29  Warp Gate  
  25  2:36  Probe (Chrono Boost)  
  26  2:39  Probe (Chrono Boost)  
  26  2:40  Pylon  
  27  2:45  Adept  
  27  2:46  Probe (Chrono Boost)  
  27  2:49  Probe (Chrono Boost)  
  31  2:57  Probe (Chrono Boost)  
  32  3:00  Probe (Chrono Boost)  
  32  3:01  Stargate  
  33  3:07  Probe (Chrono Boost)  
  33  3:10  Probe (Chrono Boost)  
  35  3:18  Probe (Chrono Boost)  
  36  3:21  Probe (Chrono Boost)  
  36  3:24  Stalker  
  39  3:28  Probe (Chrono Boost)  
  39  3:31  Probe (Chrono Boost)  
  39  3:33  Pylon  
  41  3:39  Probe (Chrono Boost)  
  41  3:41  Probe (Chrono Boost)  
  42  3:44  Phoenix (Chrono Boost)  
  45  3:48  Assimilator  
  45  3:50  Probe  
  45  3:51  Probe  
  47  4:01  Probe  
  47  4:02  Probe  
  48  4:07  Phoenix (Chrono Boost)  
  51  4:12  Probe  
  51  4:15  Probe  
  51  4:16  Twilight Council  
  53  4:22  Probe  
  53  4:26  Nexus  
  53  4:28  Phoenix (Chrono Boost)  
  53  4:30  Probe  
  57  4:36  Pylon  
  57  4:38  Probe  
  55  4:40  Assimilator  
  55  4:42  Pylon  
  55  4:43  Probe  
  57  4:48  Probe  
  58  4:53  Phoenix (Chrono Boost), Pylon  
  58  4:55  Assimilator  
  60  5:03  Probe x2, Adept  
  64  5:09  Resonating Glaives (Chrono Boost)  
  64  5:12  Phoenix  
  64  5:15  Probe  
  64  5:16  Probe  
  65  5:23  Stalker  
  65  5:27  Probe  
  65  5:28  Probe  
  68  5:37  Phoenix  
  61  5:46  Probe  
  61  5:50  Adept  
  61  5:55  Probe  
  61  5:56  Probe  
  62  5:58  Phoenix, Probe  
  65  6:09  Probe  
  65  6:11  Probe  
  65  6:12  Robotics Facility  
  65  6:13  Gateway  
  65  6:14  Gateway, Probe  
  65  6:16  Gateway  
  65  6:18  Gateway  
  67  6:20  Phoenix  
  67  6:21  Gateway  
  67  6:22  Probe  
  67  6:23  Gateway  
  70  6:29  Probe, Forge  
  70  6:32  Probe  
  71  6:37  Blink (Chrono Boost)  
  72  6:42  Phoenix  
  72  6:44  Probe x2  
  76  6:48  Probe, Adept  
  76  6:51  Gateway  
  79  6:54  Gateway  
  79  6:57  Probe x2  
  79  6:59  Warp Prism (Chrono Boost)  
  81  7:07  Phoenix  
  83  7:09  Gateway  
  83  7:15  Sentry, Adept  
  87  7:16  Adept  
  87  7:20  Pylon  
  91  7:23  Stalker x2  
  91  7:27  Pylon, Assimilator  
  95  7:30  Phoenix, Observer  
  98  7:41  Pylon  
  98  7:43  Pylon, Probe x3  
  98  7:44  Pylon  
  101  7:51  Phoenix  
  95  8:11  Stalker, Adept x5  
  95  8:12  Stalker x3  
  109  8:13  Phoenix  
  110  8:35  Phoenix, Adept  
  110  8:36  Adept x6  
  126  8:42  Adept  
  126  8:43  Adept x2  
  100  8:59  Adept x2  
  100  9:00  Adept x5  
  102  9:05  Adept x2  
  102  9:06  Adept  
Tags
 
Add a new tag
Caveats
  • Supply blocks, unpowered buildings, or Contaminate may cause inaccurate times.
  • Supply counts are checked every 10 seconds.